Map: Frozen Temple

Players

Miszu

  • Race: Protoss Protoss
  • League: Master

TRiLoBiT - Winner!

  • Race: Zerg Zerg
  • League: Master

VOD

Have the link to the VOD?

Description

Time

  • Played on: June 26, 2016, 7:04 a.m.
  • Length: 7:07
Show
View Real Time Build Order
Export as new Build Order

Miszu Protoss 

Build Orders: 1 Gate Expand 

Get SALT Encoding   

  13  0:07  Probe (Chrono Boost)  
  13  0:17  Probe (Chrono Boost)  
  13  0:20  Pylon  
  14  0:28  Probe (Chrono Boost)  
  15  0:38  Probe (Chrono Boost)  
  15  0:39  Gateway  
  16  0:47  Assimilator  
  16  0:49  Probe (Chrono Boost)  
  17  0:59  Probe (Chrono Boost)  
  18  1:10  Probe (Chrono Boost)  
  20  1:28  Nexus  
  19  1:37  Cybernetics Core  
  19  1:41  Probe (Chrono Boost)  
  20  1:50  Pylon  
  20  1:52  Probe (Chrono Boost)  
  21  2:02  Probe (Chrono Boost)  
  21  2:04  Assimilator  
  22  2:12  Warp Gate (Chrono Boost)  
  22  2:13  Adept (Chrono Boost), Probe  
  25  2:25  Probe  
  26  2:37  Probe  
  26  2:38  Mothership Core  
  26  2:41  Adept (Chrono Boost)  
  31  2:49  Probe  
  31  2:57  Probe  
  31  3:01  Probe  
  31  3:05  Gateway  
  33  3:09  Gateway  
  33  3:13  Pylon  
  33  3:16  Probe  
  33  3:17  Probe  
  35  3:29  Probe x2  
  37  3:39  Pylon  
  38  3:41  Probe (Chrono Boost)  
  38  3:50  Probe (Chrono Boost)  
  38  3:53  Probe (Chrono Boost)  
  41  4:02  Probe (Chrono Boost)  
  41  4:04  Probe (Chrono Boost)  
  41  4:07  Nexus  
  41  4:09  Pylon  
  42  4:15  Stalker, Probe (Chrono Boost)  
  45  4:24  Stargate, Probe (Chrono Boost)  
  45  4:25  Stargate  
  45  4:27  Probe (Chrono Boost)  
  45  4:31  Assimilator  
  47  4:32  Sentry  
  47  4:34  Assimilator  
  47  4:37  Probe (Chrono Boost)  
  51  4:39  Probe (Chrono Boost)  
  51  4:44  Adept x2  
  55  4:48  Probe (Chrono Boost)  
  55  4:50  Pylon  
  55  4:51  Probe (Chrono Boost)  
  57  4:59  Probe (Chrono Boost)  
  58  5:02  Probe (Chrono Boost)  
  59  5:09  Probe (Chrono Boost), Phoenix x2 (Chrono Boost)  
  59  5:13  Probe  
  65  5:18  Probe  
  65  5:21  Probe  
  67  5:25  Probe  
  67  5:28  Probe  
  68  5:31  Phoenix x2 (Chrono Boost)  
  68  5:33  Probe  
  74  5:38  Probe  
  74  5:39  Sentry, Probe  
  78  5:45  Probe  
  79  5:50  Probe x2  
  79  5:53  Phoenix x2 (Chrono Boost)  
  85  6:01  Probe  
  85  6:02  Probe x2  
  85  6:03  Robotics Facility  
  88  6:05  Robotics Facility  
  88  6:08  Pylon  
  88  6:10  Adept  
  88  6:11  Adept  
  92  6:16  Forge  
  92  6:17  Twilight Council  
  92  6:27  Phoenix (Chrono Boost)  
  66  6:57  Stalker x2  
Show
View Real Time Build Order
Export as new Build Order

TRiLoBiT Zerg - Winner!

Build Orders: Hatch First 

Get SALT Encoding   

  12  0:01  Drone  
  13  0:13  Overlord  
  13  0:18  Drone  
  14  0:31  Drone  
  14  0:32  Drone  
  16  0:35  Drone  
  17  0:52  Hatchery  
  17  0:55  Drone  
  17  0:59  Drone  
  17  1:01  Extractor  
  17  1:11  Drone  
  18  1:20  Spawning Pool  
  17  1:27  Drone  
  17  1:30  Drone  
  19  1:42  Overlord  
  19  1:52  Drone  
  20  2:06  Queen x2  
  20  2:07  Zergling x4  
  26  2:11  Metabolic Boost  
  26  2:19  Drone x2  
  28  2:23  Drone  
  29  2:30  Drone  
  29  2:34  Drone  
  31  2:45  Hatchery  
  30  2:51  Pneumatized Carapace  
  30  2:55  Overlord  
  30  2:59  Drone  
  30  3:00  Drone  
  30  3:03  Drone  
  33  3:07  Drone x2  
  33  3:10  Drone  
  36  3:20  Drone x4  
  36  3:21  Drone  
  36  3:23  Drone  
  36  3:25  Drone  
  43  3:31  Overlord  
  43  3:33  Drone  
  44  3:36  Extractor  
  44  3:40  Roach Warren  
  42  3:45  Drone x2  
  44  3:49  Queen  
  44  3:52  Overlord  
  44  3:54  Overlord  
  46  4:01  Overlord  
  46  4:10  Spore Crawler, Drone  
  46  4:11  Drone  
  46  4:12  Spore Crawler  
  46  4:15  Lair  
  46  4:17  Drone  
  47  4:19  Evolution Chamber  
  46  4:24  Roach x2  
  46  4:25  Roach  
  46  4:31  Roach x2  
  56  4:37  Roach x3  
  62  4:42  Overlord  
  62  4:44  Roach  
  64  4:47  Zerg Missile Weapons Level 1  
  64  5:00  Drone x2  
  64  5:01  Drone x2  
  64  5:03  Extractor  
  64  5:05  Roach x4  
  75  5:10  Overlord  
  76  5:21  Zergling x4  
  76  5:22  Glial Reconstitution, Zergling x2  
  76  5:26  Zergling x8  
  82  5:28  Overlord  
  82  5:29  Overlord  
  82  5:34  Overlord  
  82  5:39  Roach x2  
  82  5:42  Zergling x4  
  88  5:43  Zergling x2  
  88  5:47  Zergling x4  
  88  5:49  Overlord  
  91  5:56  Zergling x2  
  93  5:57  Zergling x6  
  95  6:05  Zergling x2  
  95  6:06  Zergling x10  
  101  6:13  Ravager x4  
  105  6:19  Overlord  
  105  6:24  Overlord  
  105  6:25  Roach x3  
Tags
 
Add a new tag
Caveats
  • Supply blocks, unpowered buildings, or Contaminate may cause inaccurate times.
  • Supply counts are checked every 10 seconds.